Blackdemons vs Diablos
Created - February 9, 2019 at 19:20
Goals
|
Blackdemons |
0 |
4 |
0 |
4 |
Diablos |
0 |
0 |
2 |
2 |
|
Shots
|
Blackdemons |
5 |
29 |
6 |
40 |
Diablos |
3 |
10 |
15 |
28 |
|
1st period
No Goal
Penalties :
Lars Eller (Don) for Hooking (Minor) at 12:23
2nd period
1. Blackdemons , Ladislav Nagy 26 (Yannick Weber 31, Kyle Rau 21) at 6:17
2. Blackdemons , Scott Timmins 13 (Sergei Plotnikov 24) at 10:19
3. Blackdemons , Alexandre Grenier 23 (Martin Hanzal 46) at 15:36
4. Blackdemons , Alexandre Grenier 24 (Martin Hanzal 47, Blake Pietila 29) at 15:47
Penalties :
Bryan Bickell (Don) for Tripping (Minor) at 12:38
3rd period
5. Diablos , Peter Holland 12 (Tyler Pitlick 20, Lars Eller 46) at 5:39
6. Diablos , Brian Dumoulin 11 (Jiri Sekac 14) at 15:39
Penalties :
Nick Spaling (Don) for Slashing (Minor) at 5:46, Patrice Cormier (MJM) for Holding (Minor) at 6:27, Zachary Sanford (MJM) for Elbowing (Minor) at 12:35
Goalie Stats
Matt Hackett (MJM), 26 saves from 28 shots - (0.929), W, 27-7-0, 60:00 minutes
Andrew Hammond (Don), 36 saves from 40 shots - (0.900), L, 13-10-4, 60:00 minutes
Players Stats for Blackdemons
Player Name G A P +/- PIM S H SB GA TA FO MP PP MP PK MP
------------------------------------------------------------------------------------
Alexandre Grenier 2 0 2 0 0 7 1 1 0 0 0/3 16:42 0:00 0:00
Alexei Morozov 0 0 0 0 0 1 1 2 1 1 0/1 12:38 3:00 0:00
Blake Pietila 0 1 1 0 0 0 2 0 1 0 0/1 19:10 1:18 0:17
Brett Kulak 0 0 0 1 0 0 0 1 0 0 0/0 11:49 0:00 0:00
Charles-Olivier Roussel 0 0 0 0 0 0 0 0 0 0 0/0 5:59 0:00 1:01
Hudson Fasching 0 0 0 1 0 0 1 0 0 0 0/0 10:43 1:18 0:00
Jeffrey Foss 0 0 0 1 0 1 0 1 0 0 0/0 19:15 1:31 1:08
Keaton Ellerby 0 0 0 0 0 3 3 5 0 1 0/0 24:38 3:08 1:32
Kyle Rau 0 1 1 1 0 1 0 0 0 0 2/5 12:16 0:00 1:22
Ladislav Nagy 1 0 1 1 0 5 0 0 0 0 0/0 12:48 0:00 1:18
Martin Hanzal 0 2 2 0 0 4 1 0 2 0 8/17 19:14 1:18 0:00
Max Friberg 0 0 0 1 0 2 1 0 0 0 0/1 15:15 0:21 0:00
Patrice Cormier 0 0 0 0 2 3 0 1 1 0 11/15 17:51 3:20 0:51
Robbie Russo 0 0 0 1 0 0 0 0 0 0 0/0 11:49 0:00 0:00
Roman Josi 0 0 0 0 0 5 0 2 0 0 0/0 22:57 3:08 0:31
Scott Timmins 1 0 1 1 0 2 1 1 0 1 1/1 11:17 0:00 0:10
Sergei Plotnikov 0 1 1 1 0 1 0 0 0 0 1/1 11:11 0:00 1:22
Tommy Vannelli 0 0 0 0 0 0 0 0 0 0 0/0 4:18 0:00 0:00
Yannick Weber 0 1 1 1 0 1 0 1 1 2 0/0 19:15 1:31 1:08
Zachary Sanford 0 0 0 0 2 4 0 0 0 0 1/1 16:55 3:21 0:00
Players Stats for Diablos
Player Name G A P +/- PIM S H SB GA TA FO MP PP MP PK MP
------------------------------------------------------------------------------------
Alex Petrovic 0 0 0 -1 0 0 1 3 0 2 0/0 24:31 1:09 2:40
Andrei Mironov 0 0 0 -1 0 0 1 1 0 0 0/0 14:14 0:00 1:48
Brian Dumoulin 1 0 1 0 0 2 4 1 1 0 0/0 21:15 1:31 0:11
Bryan Bickell 0 0 0 0 2 0 4 0 0 0 1/1 16:14 1:10 1:02
Cameron Gaunce 0 0 0 1 0 3 1 3 0 1 0/0 27:37 1:31 2:40
Corey Trivino 0 0 0 0 0 2 0 1 0 0 5/13 17:26 1:10 2:49
Danny Kristo 0 0 0 1 0 0 2 0 0 0 0/0 12:13 0:00 0:00
Jason Akeson 0 0 0 -4 0 4 4 0 0 0 2/3 20:08 1:30 1:09
Jiri Sekac 0 1 1 1 0 2 0 1 0 0 0/1 12:40 0:00 0:27
Jordan Szwarz 0 0 0 0 0 3 2 0 1 1 1/1 15:15 1:10 0:00
Lars Eller 0 1 1 -4 2 2 1 0 0 0 11/22 19:29 1:30 0:30
Marek Zagrapan 0 0 0 1 0 3 3 0 1 0 1/2 13:32 0:00 0:11
Nick Spaling 0 0 0 -4 2 1 1 2 1 0 1/2 20:56 1:30 2:01
Peter Holland 1 0 1 1 0 4 1 0 1 0 0/1 9:33 0:00 1:09
Philip Larsen 0 0 0 -2 0 0 1 0 0 1 0/0 14:57 0:00 0:11
Sergey Tolchinsky 0 0 0 1 0 0 1 2 0 0 0/0 8:01 0:00 0:00
Tyler Pitlick 0 1 1 1 0 2 2 1 0 1 0/0 8:33 0:00 0:00
Viktor Loov 0 0 0 -1 0 0 2 0 0 0 0/0 17:26 1:09 1:48
3 Stars
1 - Alexandre Grenier (MJM)
2 - Scott Timmins (MJM)
3 - Ladislav Nagy (MJM)
Power Play
Blackdemons - 0 on 3 Attempt(s) - 0.00%
Diablos - 0 on 2 Attempt(s) - 0.00%
Penalty Kill
Blackdemons - 2 on 2 Attempt(s) - 100.00%
- Score 0 goal in Penalty Kill
Diablos - 3 on 3 Attempt(s) - 100.00%
- Score 0 goal in Penalty Kill
Team Stat
Blackdemons - Hits : 11 - Faceoff Wins : 24 - Blocked Shots : 15 - Penalty Minutes : 4
Diablos - Hits : 31 - Faceoff Wins : 22 - Blocked Shots : 15 - Penalty Minutes : 6
Official
Referees : Unknown
Linesman : Unknown
Game Notes
Alexei Morozov is injured at 3:02 of 3rd period (Strained Right Knee)
Finance
Level 1 -- Attendance: 1637 (81.85%) -- Ticket Income $44,199
Level 2 -- Attendance: 813 (81.30%) -- Ticket Income $8,130
Total Attendance: 2450 (81.67%)
Total Ticket Income: $52,329
Other Income: $2,616
Total Income: $54,945
Blackdemons
5 vs 5 Forward
Center Left Wing Right Wing Time % Phy DF OF
1 Martin Hanzal Blake Pietila Alexandre Grenier 36 0 1 4
2 Patrice Cormier Zachary Sanford Alexei Morozov 30 0 1 4
3 Kyle Rau Ladislav Nagy Max Friberg 22 0 2 3
4 Scott Timmins Sergei Plotnikov Hudson Fasching 12 0 1 4
5 vs 5 Defense
Defense Defense Time % Phy DF OF
1 Keaton Ellerby Roman Josi 40 0 4 1
2 Jeffrey Foss Yannick Weber 30 0 4 1
3 Brett Kulak Robbie Russo 22 0 5 0
4 Charles-Olivier Roussel Tommy Vannelli 8 0 5 0
PowerPlay Forward
Center Left Wing Right Wing Time % Phy DF OF
1 Patrice Cormier Zachary Sanford Alexei Morozov 50 0 0 5
2 Martin Hanzal Blake Pietila Hudson Fasching 50 0 0 5
PowerPlay Defense
Defense Defense Time % Phy DF OF
1 Jeffrey Foss Yannick Weber 50 0 1 4
2 Keaton Ellerby Roman Josi 50 0 1 4
Penalty Kill 4 Players Forward
Center Wing Time % Phy DF OF
1 Patrice Cormier Ladislav Nagy 50 0 5 0
2 Kyle Rau Sergei Plotnikov 50 0 5 0
Penalty Kill 4 Players Defense
Defense Defense Time % Phy DF OF
1 Yannick Weber Jeffrey Foss 50 0 5 0
2 Charles-Olivier Roussel Keaton Ellerby 50 0 5 0
Penalty Kill - 3 Players Forward
Forward Time % Phy DF OF
1 Alexei Morozov 60 0 5 0
2 Martin Hanzal 40 0 5 0
Penalty Kill - 3 Players Defense
Defense Defense Time % Phy DF OF
1 Yannick Weber Roman Josi 60 0 5 0
2 Jeffrey Foss Keaton Ellerby 40 0 5 0
4 vs 4 Forward
Center Wing Time % Phy DF OF
1 Alexei Morozov Martin Hanzal 50 1 2 2
2 Ladislav Nagy Patrice Cormier 50 1 2 2
4 vs 4 Defense
Defense Defense Time % Phy DF OF
1 Keaton Ellerby Roman Josi 50 1 2 2
2 Yannick Weber Jeffrey Foss 50 1 2 2
Last Minutes Offensive
Center Left Wing Right Wing Defense Defense
Martin Hanzal Ladislav Nagy Alexei Morozov Roman Josi Keaton Ellerby
Last Minutes Defensive
Center Left Wing Right Wing Defense Defense
Martin Hanzal Ladislav Nagy Alexei Morozov Roman Josi Keaton Ellerby
Goaltenders
Starting : Matt Hackett
Backup : Laurent Brossoit
Extra Forwards
Normal : Max Friberg, Scott Timmins, Blake Pietila - PP : Max Friberg, Scott Timmins - PK : Blake Pietila
Extra Defensemen
Normal : Yannick Weber, Roman Josi, Jeffrey Foss - PP : Yannick Weber - PK : Roman Josi, Jeffrey Foss
Penalty Shots
Alexei Morozov, Martin Hanzal, Ladislav Nagy, Sergei Plotnikov, Zachary Sanford
Scratches
Christophe Lalancette (Healthy), Klas Dahlbeck (Healthy), Remi Elie (Healthy), Jyrki Jokipakka (Healthy), Mackenzie MacEachern (Healthy)
Ben Maxwell (Healthy), Nicolas Deschamps (Healthy), Angelo Esposito (Healthy), Jacob Lagacé (Healthy), James Livingstone (Healthy)
Ebbe Siönäs (Healthy), Sami Aittokallio (Healthy), Jeremy Smith (Healthy)
Diablos
5 vs 5 Forward
Center Left Wing Right Wing Time % Phy DF OF
1 Lars Eller Nick Spaling Jason Akeson 40 0 1 4
2 Corey Trivino Bryan Bickell Jordan Szwarz 30 0 1 4
3 Marek Zagrapan Jiri Sekac Danny Kristo 20 0 2 3
4 Peter Holland Sergey Tolchinsky Tyler Pitlick 10 1 3 1
5 vs 5 Defense
Defense Defense Time % Phy DF OF
1 Cameron Gaunce Brian Dumoulin 40 0 3 2
2 Alex Petrovic Philip Larsen 30 0 3 2
3 Viktor Loov Andrei Mironov 20 0 3 2
4 Cameron Gaunce Alex Petrovic 10 0 3 2
PowerPlay Forward
Center Left Wing Right Wing Time % Phy DF OF
1 Lars Eller Nick Spaling Jason Akeson 60 0 0 5
2 Corey Trivino Bryan Bickell Jordan Szwarz 40 0 0 5
PowerPlay Defense
Defense Defense Time % Phy DF OF
1 Cameron Gaunce Brian Dumoulin 60 0 1 4
2 Viktor Loov Alex Petrovic 40 0 1 4
Penalty Kill 4 Players Forward
Center Wing Time % Phy DF OF
1 Corey Trivino Nick Spaling 60 0 5 0
2 Lars Eller Jason Akeson 40 0 5 0
Penalty Kill 4 Players Defense
Defense Defense Time % Phy DF OF
1 Cameron Gaunce Alex Petrovic 60 0 5 0
2 Viktor Loov Andrei Mironov 40 0 5 0
Penalty Kill - 3 Players Forward
Forward Time % Phy DF OF
1 Peter Holland 60 0 5 0
2 Lars Eller 40 0 5 0
Penalty Kill - 3 Players Defense
Defense Defense Time % Phy DF OF
1 Cameron Gaunce Alex Petrovic 60 0 5 0
2 Viktor Loov Brian Dumoulin 40 0 5 0
4 vs 4 Forward
Center Wing Time % Phy DF OF
1 Marek Zagrapan Jordan Szwarz 60 0 2 3
2 Lars Eller Jason Akeson 40 0 2 3
4 vs 4 Defense
Defense Defense Time % Phy DF OF
1 Cameron Gaunce Alex Petrovic 60 0 2 3
2 Viktor Loov Alex Petrovic 40 0 2 3
Last Minutes Offensive
Center Left Wing Right Wing Defense Defense
Lars Eller Nick Spaling Jason Akeson Cameron Gaunce Alex Petrovic
Last Minutes Defensive
Center Left Wing Right Wing Defense Defense
Lars Eller Nick Spaling Jordan Szwarz Cameron Gaunce Alex Petrovic
Goaltenders
Starting : Andrew Hammond
Backup : Joni Ortio
Extra Forwards
Normal : Jordan Szwarz, Marek Zagrapan, Jason Akeson - PP : Jordan Szwarz, Marek Zagrapan - PK : Nick Spaling
Extra Defensemen
Normal : Brian Dumoulin, Philip Larsen, Viktor Loov - PP : Brian Dumoulin - PK : Philip Larsen, Viktor Loov
Penalty Shots
Nick Spaling, Jordan Szwarz, Lars Eller, Jason Akeson, Bryan Bickell
Scratches
Tyler Lewington (Healthy), Tobias Lindberg (Healthy), Andrey Pedan (Healthy), Nikita Nesterov (Healthy), Charles Hudon (Healthy)
Barclay Goodrow (Healthy), David Musil (Healthy), Darcy Kuemper (Healthy)
% Time on Ice - Blackdemons
Lines # - Real PCT - Wanted PCT - Time Play
Normal Forward
1 - 33% - 36% - 17:05
2 - 28% - 30% - 14:33
3 - 21% - 22% - 10:51
4 - 17% - 12% - 8:54
Normal Defense
1 - 38% - 40% - 19:33
2 - 31% - 30% - 15:43
3 - 23% - 22% - 11:49
4 - 8% - 8% - 4:18
PP Forward
1 - 72% - 50% - 3:21
2 - 28% - 50% - 1:18
PP Defense
1 - 33% - 50% - 1:31
2 - 67% - 50% - 3:08
PK Forward
1 - 43% - 50% - 1:08
2 - 58% - 50% - 1:32
PK Defense
1 - 62% - 50% - 1:39
2 - 38% - 50% - 1:01
PK3 Forward
1 - 0% - 60%
2 - 0% - 40%
PK3 Defense
1 - 0% - 60%
2 - 0% - 40%
44 Forward
1 - 59% - 50% - 0:46
2 - 41% - 50% - 0:32
44 Defense
1 - 62% - 50% - 0:48
2 - 38% - 50% - 0:30
Last Minute Offensive - 0:00
Last Minute Defensive - 0:00
Total
Forward - 60:00
Defense - 60:00
|
% Time on Ice - Diablos
Lines # - Real PCT - Wanted PCT - Time Play
Normal Forward
1 - 35% - 40% - 17:59
2 - 26% - 30% - 13:10
3 - 24% - 20% - 12:13
4 - 16% - 10% - 8:01
Normal Defense
1 - 38% - 40% - 19:43
2 - 31% - 30% - 15:45
3 - 24% - 20% - 12:26
4 - 7% - 10% - 3:29
PP Forward
1 - 56% - 60% - 1:30
2 - 44% - 40% - 1:10
PP Defense
1 - 57% - 60% - 1:31
2 - 43% - 40% - 1:09
PK Forward
1 - 75% - 60% - 3:30
2 - 25% - 40% - 1:09
PK Defense
1 - 61% - 60% - 2:51
2 - 39% - 40% - 1:48
PK3 Forward
1 - 0% - 60%
2 - 0% - 40%
PK3 Defense
1 - 0% - 60%
2 - 0% - 40%
44 Forward
1 - 74% - 60% - 0:58
2 - 26% - 40% - 0:20
44 Defense
1 - 68% - 60% - 0:53
2 - 32% - 40% - 0:25
Last Minute Offensive - 0:00
Last Minute Defensive - 0:00
Total
Forward - 60:00
Defense - 60:00
|
Play-by-Play
1st period
0:01 of 1st period - Lars Eller wins face-off versus Martin Hanzal in neutral zone.
0:06 of 1st period - Backhand shot by Jason Akeson.
0:06 of 1st period - Shot Blocked by Roman Josi.
0:11 of 1st period - Off-side.
0:12 of 1st period - Patrice Cormier wins face-off versus Corey Trivino in neutral zone.
0:43 of 1st period - Wrist shot by Sergei Plotnikov.
0:43 of 1st period - Stopped by Andrew Hammond without a rebound.
0:44 of 1st period - Scott Timmins wins face-off versus Marek Zagrapan in Diablos zone.
1:18 of 1st period - Slapshot by Roman Josi.
1:18 of 1st period - Shot Misses the Net.
1:20 of 1st period - Snap shot by Kyle Rau.
1:20 of 1st period - Shot Blocked by Nick Spaling.
1:34 of 1st period - Sergey Tolchinsky is hit by Blake Pietila and loses puck.
2:23 of 1st period - Snap shot by Jordan Szwarz.
2:23 of 1st period - Shot Misses the Net.
2:25 of 1st period - Slapshot by Jordan Szwarz.
2:25 of 1st period - Shot Misses the Net.
2:43 of 1st period - Wrist shot by Martin Hanzal.
2:43 of 1st period - Stopped by Andrew Hammond with a rebound.
3:04 of 1st period - Slapshot by Keaton Ellerby.
3:04 of 1st period - Shot Blocked by Tyler Pitlick.
4:41 of 1st period - Brett Kulak is hit by Bryan Bickell and loses puck.
5:14 of 1st period - Martin Hanzal is hit by Sergey Tolchinsky and loses puck.
5:23 of 1st period - Snap shot by Peter Holland.
5:23 of 1st period - Shot Blocked by Brett Kulak.
5:40 of 1st period - Max Friberg is hit by Marek Zagrapan.
6:15 of 1st period - Icing by Sergei Plotnikov.
6:16 of 1st period - Sergei Plotnikov wins face-off versus Corey Trivino in Blackdemons zone.
6:16 of 1st period - Sergei Plotnikov is hit by Bryan Bickell.
6:24 of 1st period - Snap shot by Jordan Szwarz.
6:24 of 1st period - Shot Blocked by Jeffrey Foss.
6:32 of 1st period - Slapshot by Jordan Szwarz.
6:32 of 1st period - Shot Misses the Net.
6:50 of 1st period - Slapshot by Jason Akeson.
6:50 of 1st period - Stopped by Matt Hackett with a rebound.
6:52 of 1st period - Wrist shot by Brian Dumoulin.
6:52 of 1st period - Stopped by Matt Hackett without a rebound.
6:53 of 1st period - Jordan Szwarz wins face-off versus Martin Hanzal in Blackdemons zone.
7:20 of 1st period - Keaton Ellerby is hit by Nick Spaling and loses puck.
7:37 of 1st period - Zachary Sanford is hit by Danny Kristo and loses puck.
8:38 of 1st period - Wrist shot by Nick Spaling.
8:38 of 1st period - Shot Misses the Net.
9:06 of 1st period - Slapshot by Danny Kristo.
9:06 of 1st period - Shot Blocked by Keaton Ellerby.
9:20 of 1st period - Bryan Bickell is hit by Keaton Ellerby and loses puck.
9:48 of 1st period - Tyler Pitlick is hit by Alexei Morozov and loses puck.
10:24 of 1st period - Wrist shot by Ladislav Nagy.
10:24 of 1st period - Stopped by Andrew Hammond without a rebound.
10:25 of 1st period - Bryan Bickell wins face-off versus Martin Hanzal in Diablos zone.
10:34 of 1st period - Wrist shot by Jordan Szwarz.
10:34 of 1st period - Shot Misses the Net.
10:36 of 1st period - Slapshot by Bryan Bickell.
10:36 of 1st period - Shot Blocked by Alexandre Grenier.
10:38 of 1st period - Snap shot by Corey Trivino.
10:38 of 1st period - Stopped by Matt Hackett without a rebound.
10:39 of 1st period - Lars Eller wins face-off versus Martin Hanzal in Blackdemons zone.
10:40 of 1st period - Slapshot by Nick Spaling.
10:40 of 1st period - Shot Misses the Net.
11:27 of 1st period - Wrist shot by Scott Timmins.
11:27 of 1st period - Stopped by Andrew Hammond with a rebound.
12:23 of 1st period - Minor Penalty to Lars Eller for Hooking.
12:24 of 1st period - Corey Trivino wins face-off versus Patrice Cormier in Diablos zone.
14:15 of 1st period - Wrist shot by Nick Spaling.
14:15 of 1st period - Shot Misses the Net.
14:23 of 1st period - Penalty to Lars Eller is over, Lars Eller is back on ice.
14:59 of 1st period - Snap shot by Marek Zagrapan.
14:59 of 1st period - Shot Misses the Net.
15:01 of 1st period - Slapshot by Cameron Gaunce.
15:01 of 1st period - Shot Blocked by Scott Timmins.
15:03 of 1st period - Backhand shot by Marek Zagrapan.
15:03 of 1st period - Shot Misses the Net.
15:26 of 1st period - Alexandre Grenier is hit by Jason Akeson and loses puck.
16:42 of 1st period - Snap shot by Lars Eller.
16:42 of 1st period - Shot Misses the Net.
16:46 of 1st period - Wrist shot by Jason Akeson.
16:46 of 1st period - Shot Blocked by Yannick Weber.
17:12 of 1st period - Patrice Cormier is hit by Brian Dumoulin and loses puck.
17:25 of 1st period - Roman Josi is hit by Cameron Gaunce.
17:57 of 1st period - Scott Timmins is hit by Marek Zagrapan and loses puck.
18:08 of 1st period - Sergei Plotnikov is hit by Viktor Loov and loses puck.
18:24 of 1st period - Slapshot by Sergei Plotnikov.
18:24 of 1st period - Shot Misses the Net.
18:26 of 1st period - Backhand shot by Charles-Olivier Roussel.
18:26 of 1st period - Deflect By Scott Timmins.
18:26 of 1st period - Shot Misses the Net.
18:26 of 1st period - Puck is out of play.
18:27 of 1st period - Martin Hanzal wins face-off versus Lars Eller in Diablos zone.
18:38 of 1st period - Snap shot by Martin Hanzal.
18:38 of 1st period - Shot Misses the Net.
18:40 of 1st period - Slapshot by Roman Josi.
18:40 of 1st period - Stopped by Andrew Hammond without a rebound.
18:41 of 1st period - Martin Hanzal wins face-off versus Corey Trivino in Diablos zone.
Goals for this period are 0 for Blackdemons vs 0 for Diablos .
Shots for this period are 5 for Blackdemons vs 3 for Diablos .
2nd period
0:01 of 2nd period - Lars Eller wins face-off versus Martin Hanzal in neutral zone.
0:06 of 2nd period - Backhand shot by Nick Spaling.
0:06 of 2nd period - Shot Blocked by Keaton Ellerby.
0:14 of 2nd period - Snap shot by Martin Hanzal.
0:14 of 2nd period - Shot Misses the Net.
0:16 of 2nd period - Slapshot by Keaton Ellerby.
0:16 of 2nd period - Deflect By Alexandre Grenier.
0:16 of 2nd period - Stopped by Andrew Hammond with a rebound.
0:26 of 2nd period - Alexei Morozov is hit by Jordan Szwarz and loses puck.
1:17 of 2nd period - Viktor Loov is hit by Hudson Fasching and loses puck.
1:30 of 2nd period - Blake Pietila is hit by Jason Akeson.
1:38 of 2nd period - Snap shot by Lars Eller.
1:38 of 2nd period - Stopped by Matt Hackett with a rebound.
1:40 of 2nd period - Snap shot by Nick Spaling.
1:40 of 2nd period - Stopped by Matt Hackett with a rebound.
1:55 of 2nd period - Wrist shot by Zachary Sanford.
1:55 of 2nd period - Shot Misses the Net.
1:57 of 2nd period - Snap shot by Zachary Sanford.
1:57 of 2nd period - Stopped by Andrew Hammond with a rebound.
1:59 of 2nd period - Snap shot by Zachary Sanford.
1:59 of 2nd period - Shot Misses the Net.
2:01 of 2nd period - Wrist shot by Zachary Sanford.
2:01 of 2nd period - Stopped by Andrew Hammond with a rebound.
2:03 of 2nd period - Snap shot by Patrice Cormier.
2:03 of 2nd period - Stopped by Andrew Hammond with a rebound.
2:13 of 2nd period - Wrist shot by Ladislav Nagy.
2:13 of 2nd period - Shot Blocked by Cameron Gaunce.
3:04 of 2nd period - Martin Hanzal is hit by Tyler Pitlick and loses puck.
3:51 of 2nd period - Slapshot by Marek Zagrapan.
3:51 of 2nd period - Stopped by Matt Hackett without a rebound.
3:52 of 2nd period - Martin Hanzal wins face-off versus Lars Eller in Blackdemons zone.
4:03 of 2nd period - Wrist shot by Roman Josi.
4:03 of 2nd period - Deflect By Alexandre Grenier.
4:03 of 2nd period - Stopped by Andrew Hammond with a rebound.
4:05 of 2nd period - Slapshot by Keaton Ellerby.
4:05 of 2nd period - Stopped by Andrew Hammond with a rebound.
4:07 of 2nd period - Slapshot by Roman Josi.
4:07 of 2nd period - Stopped by Andrew Hammond with a rebound.
4:40 of 2nd period - Kyle Rau is hit by Andrei Mironov and loses puck.
5:24 of 2nd period - Wrist shot by Ladislav Nagy.
5:24 of 2nd period - Stopped by Andrew Hammond with a rebound.
5:26 of 2nd period - Slapshot by Jeffrey Foss.
5:26 of 2nd period - Stopped by Andrew Hammond with a rebound.
6:09 of 2nd period - Snap shot by Max Friberg.
6:09 of 2nd period - Stopped by Andrew Hammond with a rebound.
6:13 of 2nd period - Snap shot by Ladislav Nagy.
6:13 of 2nd period - Shot Blocked by Nick Spaling.
6:15 of 2nd period - Wrist shot by Yannick Weber.
6:15 of 2nd period - Stopped by Andrew Hammond with a rebound.
6:17 of 2nd period - Snap shot by Ladislav Nagy.
6:17 of 2nd period - Goal by Ladislav Nagy - Blackdemons : 1 - Diablos : 0.
6:18 of 2nd period - Martin Hanzal wins face-off versus Corey Trivino in neutral zone.
6:33 of 2nd period - Wrist shot by Martin Hanzal.
6:33 of 2nd period - Stopped by Andrew Hammond with a rebound.
6:43 of 2nd period - Bryan Bickell is hit by Keaton Ellerby and loses puck.
6:52 of 2nd period - Snap shot by Sergei Plotnikov.
6:52 of 2nd period - Shot Blocked by Alex Petrovic.
6:54 of 2nd period - Slapshot by Sergei Plotnikov.
6:54 of 2nd period - Shot Blocked by Alex Petrovic.
6:56 of 2nd period - Snap shot by Scott Timmins.
6:56 of 2nd period - Shot Misses the Net.
7:17 of 2nd period - Slapshot by Jordan Szwarz.
7:17 of 2nd period - Stopped by Matt Hackett with a rebound.
7:47 of 2nd period - Scott Timmins is hit by Marek Zagrapan.
8:09 of 2nd period - Slapshot by Alexandre Grenier.
8:09 of 2nd period - Stopped by Andrew Hammond without a rebound.
8:10 of 2nd period - Martin Hanzal wins face-off versus Peter Holland in Diablos zone.
8:19 of 2nd period - Snap shot by Martin Hanzal.
8:19 of 2nd period - Shot Blocked by Sergey Tolchinsky.
8:21 of 2nd period - Wrist shot by Blake Pietila.
8:21 of 2nd period - Shot Misses the Net.
8:23 of 2nd period - Snap shot by Alexandre Grenier.
8:23 of 2nd period - Shot Blocked by Sergey Tolchinsky.
8:59 of 2nd period - Wrist shot by Sergei Plotnikov.
8:59 of 2nd period - Shot Blocked by Jiri Sekac.
9:25 of 2nd period - Patrice Cormier is hit by Tyler Pitlick and loses puck.
9:38 of 2nd period - Snap shot by Max Friberg.
9:38 of 2nd period - Shot Misses the Net.
9:40 of 2nd period - Wrist shot by Kyle Rau.
9:40 of 2nd period - Stopped by Andrew Hammond with a rebound.
9:42 of 2nd period - Slapshot by Ladislav Nagy.
9:42 of 2nd period - Stopped by Andrew Hammond with a rebound.
9:58 of 2nd period - Snap shot by Yannick Weber.
9:58 of 2nd period - Shot Misses the Net.
10:19 of 2nd period - Snap shot by Scott Timmins.
10:19 of 2nd period - Goal by Scott Timmins - Blackdemons : 2 - Diablos : 0.
10:20 of 2nd period - Martin Hanzal wins face-off versus Lars Eller in neutral zone.
10:27 of 2nd period - Snap shot by Alexandre Grenier.
10:27 of 2nd period - Shot Misses the Net.
10:29 of 2nd period - Snap shot by Alexandre Grenier.
10:29 of 2nd period - Stopped by Andrew Hammond with a rebound.
10:31 of 2nd period - Slapshot by Keaton Ellerby.
10:31 of 2nd period - Shot Blocked by Cameron Gaunce.
10:33 of 2nd period - Snap shot by Alexandre Grenier.
10:33 of 2nd period - Shot Misses the Net.
10:35 of 2nd period - Wrist shot by Martin Hanzal.
10:35 of 2nd period - Stopped by Andrew Hammond with a rebound.
11:36 of 2nd period - Backhand shot by Jiri Sekac.
11:36 of 2nd period - Stopped by Matt Hackett without a rebound.
11:37 of 2nd period - Patrice Cormier wins face-off versus Lars Eller in Blackdemons zone.
12:02 of 2nd period - Corey Trivino is hit by Martin Hanzal.
12:06 of 2nd period - Slapshot by Corey Trivino.
12:06 of 2nd period - Stopped by Matt Hackett with a rebound.
12:08 of 2nd period - Wrist shot by Corey Trivino.
12:08 of 2nd period - Deflect By Jordan Szwarz.
12:08 of 2nd period - Stopped by Matt Hackett without a rebound.
12:09 of 2nd period - Lars Eller wins face-off versus Alexandre Grenier in Blackdemons zone.
12:24 of 2nd period - Blake Pietila is hit by Lars Eller and loses puck.
12:38 of 2nd period - Minor Penalty to Bryan Bickell for Tripping.
12:39 of 2nd period - Corey Trivino wins face-off versus Patrice Cormier in Diablos zone.
12:46 of 2nd period - Icing by Zachary Sanford.
12:47 of 2nd period - Patrice Cormier wins face-off versus Corey Trivino in Blackdemons zone.
13:05 of 2nd period - Slapshot by Patrice Cormier.
13:05 of 2nd period - Shot Misses the Net.
13:07 of 2nd period - Wrist shot by Alexei Morozov.
13:07 of 2nd period - Stopped by Andrew Hammond with a rebound.
13:09 of 2nd period - Wrist shot by Zachary Sanford.
13:09 of 2nd period - Shot Misses the Net.
13:11 of 2nd period - Slapshot by Roman Josi.
13:11 of 2nd period - Stopped by Andrew Hammond with a rebound.
13:13 of 2nd period - Snap shot by Keaton Ellerby.
13:13 of 2nd period - Shot Blocked by Andrei Mironov.
13:25 of 2nd period - Zachary Sanford is hit by Alex Petrovic and loses puck.
13:49 of 2nd period - Snap shot by Zachary Sanford.
13:49 of 2nd period - Stopped by Andrew Hammond with a rebound.
13:51 of 2nd period - Slapshot by Roman Josi.
13:51 of 2nd period - Shot Blocked by Alex Petrovic.
14:18 of 2nd period - Icing by Roman Josi.
14:19 of 2nd period - Patrice Cormier wins face-off versus Jiri Sekac in Blackdemons zone.
14:24 of 2nd period - Wrist shot by Alexei Morozov.
14:24 of 2nd period - Shot Misses the Net.
14:34 of 2nd period - Wrist shot by Zachary Sanford.
14:34 of 2nd period - Deflect By Alexei Morozov.
14:34 of 2nd period - Shot Misses the Net.
14:34 of 2nd period - Puck is out of play.
14:35 of 2nd period - Martin Hanzal wins face-off versus Corey Trivino in Diablos zone.
14:38 of 2nd period - Penalty to Bryan Bickell is over, Bryan Bickell is back on ice.
14:46 of 2nd period - Slapshot by Corey Trivino.
14:46 of 2nd period - Shot Misses the Net.
15:10 of 2nd period - Backhand shot by Marek Zagrapan.
15:10 of 2nd period - Stopped by Matt Hackett with a rebound.
15:36 of 2nd period - Wrist shot by Alexandre Grenier.
15:36 of 2nd period - Deflect By Jason Akeson.
15:36 of 2nd period - Goal by Alexandre Grenier - Blackdemons : 3 - Diablos : 0.
15:37 of 2nd period - Lars Eller wins face-off versus Martin Hanzal in neutral zone.
15:47 of 2nd period - Wrist shot by Martin Hanzal.
15:47 of 2nd period - Deflect By Alexandre Grenier.
15:47 of 2nd period - Goal by Alexandre Grenier - Blackdemons : 4 - Diablos : 0.
15:48 of 2nd period - Lars Eller wins face-off versus Alexandre Grenier in neutral zone.
15:59 of 2nd period - Snap shot by Jason Akeson.
15:59 of 2nd period - Stopped by Matt Hackett with a rebound.
16:01 of 2nd period - Slapshot by Cameron Gaunce.
16:01 of 2nd period - Stopped by Matt Hackett with a rebound.
16:13 of 2nd period - Alexandre Grenier is hit by Danny Kristo and loses puck.
16:20 of 2nd period - Snap shot by Danny Kristo.
16:20 of 2nd period - Shot Misses the Net.
16:28 of 2nd period - Slapshot by Keaton Ellerby.
16:28 of 2nd period - Stopped by Andrew Hammond with a rebound.
16:30 of 2nd period - Snap shot by Alexandre Grenier.
16:30 of 2nd period - Stopped by Andrew Hammond with a rebound.
16:32 of 2nd period - Snap shot by Martin Hanzal.
16:32 of 2nd period - Stopped by Andrew Hammond without a rebound.
16:33 of 2nd period - Patrice Cormier wins face-off versus Nick Spaling in Diablos zone.
16:40 of 2nd period - Backhand shot by Alexei Morozov.
16:40 of 2nd period - Shot Misses the Net.
16:42 of 2nd period - Slapshot by Jeffrey Foss.
16:42 of 2nd period - Shot Blocked by Brian Dumoulin.
16:44 of 2nd period - Wrist shot by Jeffrey Foss.
16:44 of 2nd period - Shot Misses the Net.
16:46 of 2nd period - Wrist shot by Patrice Cormier.
16:46 of 2nd period - Stopped by Andrew Hammond with a rebound.
17:45 of 2nd period - Slapshot by Alex Petrovic.
17:45 of 2nd period - Shot Blocked by Alexei Morozov.
18:17 of 2nd period - Martin Hanzal is hit by Jordan Szwarz.
19:17 of 2nd period - Wrist shot by Martin Hanzal.
19:17 of 2nd period - Shot Misses the Net.
19:19 of 2nd period - Slapshot by Roman Josi.
19:19 of 2nd period - Stopped by Andrew Hammond without a rebound.
19:20 of 2nd period - Zachary Sanford wins face-off versus Lars Eller in Diablos zone.
19:27 of 2nd period - Wrist shot by Alexei Morozov.
19:27 of 2nd period - Shot Misses the Net.
Goals for this period are 4 for Blackdemons vs 0 for Diablos .
Shots for this period are 29 for Blackdemons vs 10 for Diablos .
3rd period
0:01 of 3rd period - Lars Eller wins face-off versus Patrice Cormier in neutral zone.
0:26 of 3rd period - Alexandre Grenier is hit by Bryan Bickell.
1:29 of 3rd period - Slapshot by Lars Eller.
1:29 of 3rd period - Stopped by Matt Hackett without a rebound.
1:30 of 3rd period - Patrice Cormier wins face-off versus Lars Eller in Blackdemons zone.
1:32 of 3rd period - Icing by Keaton Ellerby.
1:33 of 3rd period - Patrice Cormier wins face-off versus Lars Eller in Blackdemons zone.
1:42 of 3rd period - Snap shot by Lars Eller.
1:42 of 3rd period - Deflect By Nick Spaling.
1:42 of 3rd period - Shot Blocked by Patrice Cormier.
1:42 of 3rd period - Puck is out of play.
1:43 of 3rd period - Nick Spaling wins face-off versus Patrice Cormier in Blackdemons zone.
2:37 of 3rd period - Slapshot by Ladislav Nagy.
2:37 of 3rd period - Stopped by Andrew Hammond without a rebound.
2:38 of 3rd period - Lars Eller wins face-off versus Kyle Rau in Diablos zone.
2:43 of 3rd period - Slapshot by Max Friberg.
2:43 of 3rd period - Stopped by Andrew Hammond without a rebound.
2:44 of 3rd period - Lars Eller wins face-off versus Alexei Morozov in Diablos zone.
2:49 of 3rd period - Slapshot by Nick Spaling.
2:49 of 3rd period - Deflect By Jason Akeson.
2:49 of 3rd period - Shot Misses the Net.
2:49 of 3rd period - Puck is out of play.
2:50 of 3rd period - Patrice Cormier wins face-off versus Lars Eller in Blackdemons zone.
2:50 of 3rd period - Patrice Cormier is hit by Brian Dumoulin.
2:58 of 3rd period - Wrist shot by Jason Akeson.
2:58 of 3rd period - Shot Blocked by Keaton Ellerby.
3:00 of 3rd period - Wrist shot by Jason Akeson.
3:00 of 3rd period - Stopped by Matt Hackett with a rebound.
3:02 of 3rd period - Wrist shot by Lars Eller.
3:02 of 3rd period - Shot Blocked by Alexei Morozov.
3:02 of 3rd period - Alexei Morozov from Blackdemons is injured at 3:02 of 3rd period (Strained Right Knee).
3:03 of 3rd period - Patrice Cormier wins face-off versus Lars Eller in Blackdemons zone.
3:08 of 3rd period - Slapshot by Keaton Ellerby.
3:08 of 3rd period - Stopped by Andrew Hammond with a rebound.
3:10 of 3rd period - Slapshot by Keaton Ellerby.
3:10 of 3rd period - Shot Misses the Net.
3:29 of 3rd period - Cameron Gaunce is hit by Alexandre Grenier and loses puck.
3:48 of 3rd period - Slapshot by Danny Kristo.
3:48 of 3rd period - Shot Misses the Net.
4:17 of 3rd period - Slapshot by Tyler Pitlick.
4:17 of 3rd period - Stopped by Matt Hackett with a rebound.
4:19 of 3rd period - Snap shot by Peter Holland.
4:19 of 3rd period - Stopped by Matt Hackett without a rebound.
4:20 of 3rd period - Jason Akeson wins face-off versus Alexandre Grenier in Blackdemons zone.
4:45 of 3rd period - Andrei Mironov is hit by Max Friberg and loses puck.
5:33 of 3rd period - Wrist shot by Peter Holland.
5:33 of 3rd period - Shot Misses the Net.
5:35 of 3rd period - Snap shot by Peter Holland.
5:35 of 3rd period - Stopped by Matt Hackett with a rebound.
5:37 of 3rd period - Backhand shot by Peter Holland.
5:37 of 3rd period - Stopped by Matt Hackett with a rebound.
5:39 of 3rd period - Slapshot by Peter Holland.
5:39 of 3rd period - Goal by Peter Holland - Blackdemons : 4 - Diablos : 1.
5:40 of 3rd period - Patrice Cormier wins face-off versus Lars Eller in neutral zone.
5:46 of 3rd period - Minor Penalty to Nick Spaling for Slashing.
5:47 of 3rd period - Corey Trivino wins face-off versus Martin Hanzal in Diablos zone.
6:21 of 3rd period - Wrist shot by Patrice Cormier.
6:21 of 3rd period - Shot Blocked by Corey Trivino.
6:27 of 3rd period - Minor Penalty to Patrice Cormier for Holding.
6:28 of 3rd period - Marek Zagrapan wins face-off versus Max Friberg in Blackdemons zone.
6:29 of 3rd period - Slapshot by Jordan Szwarz.
6:29 of 3rd period - Stopped by Matt Hackett with a rebound.
6:31 of 3rd period - Slapshot by Alex Petrovic.
6:31 of 3rd period - Shot Blocked by Keaton Ellerby.
6:33 of 3rd period - Snap shot by Marek Zagrapan.
6:33 of 3rd period - Shot Misses the Net.
6:35 of 3rd period - Wrist shot by Marek Zagrapan.
6:35 of 3rd period - Stopped by Matt Hackett with a rebound.
6:39 of 3rd period - Slapshot by Marek Zagrapan.
6:39 of 3rd period - Shot Misses the Net.
6:41 of 3rd period - Snap shot by Marek Zagrapan.
6:41 of 3rd period - Shot Blocked by Roman Josi.
6:43 of 3rd period - Slapshot by Cameron Gaunce.
6:43 of 3rd period - Deflect By Roman Josi.
6:43 of 3rd period - Stopped by Matt Hackett with a rebound.
6:53 of 3rd period - Jordan Szwarz is hit by Keaton Ellerby and loses puck.
7:18 of 3rd period - Yannick Weber is hit by Jason Akeson and loses puck.
7:39 of 3rd period - Ladislav Nagy is hit by Peter Holland.
7:46 of 3rd period - Penalty to Nick Spaling is over, Nick Spaling is back on ice.
8:27 of 3rd period - Penalty to Patrice Cormier is over, Patrice Cormier is back on ice.
8:43 of 3rd period - Snap shot by Zachary Sanford.
8:43 of 3rd period - Stopped by Andrew Hammond with a rebound.
9:30 of 3rd period - Off-side.
9:31 of 3rd period - Patrice Cormier wins face-off versus Corey Trivino in neutral zone.
10:16 of 3rd period - Snap shot by Patrice Cormier.
10:16 of 3rd period - Stopped by Andrew Hammond with a rebound.
10:20 of 3rd period - Snap shot by Zachary Sanford.
10:20 of 3rd period - Shot Blocked by Cameron Gaunce.
10:22 of 3rd period - Snap shot by Roman Josi.
10:22 of 3rd period - Stopped by Andrew Hammond with a rebound.
10:24 of 3rd period - Slapshot by Keaton Ellerby.
10:24 of 3rd period - Deflect By Zachary Sanford.
10:24 of 3rd period - Shot Misses the Net.
10:24 of 3rd period - Puck is out of play.
10:25 of 3rd period - Jason Akeson wins face-off versus Martin Hanzal in Diablos zone.
10:47 of 3rd period - Icing by Jeffrey Foss.
10:48 of 3rd period - Martin Hanzal wins face-off versus Corey Trivino in Blackdemons zone.
11:41 of 3rd period - Wrist shot by Max Friberg.
11:41 of 3rd period - Shot Misses the Net.
12:05 of 3rd period - Snap shot by Tyler Pitlick.
12:05 of 3rd period - Stopped by Matt Hackett with a rebound.
12:35 of 3rd period - Minor Penalty to Zachary Sanford for Elbowing.
12:36 of 3rd period - Kyle Rau wins face-off versus Jason Akeson in Blackdemons zone.
12:43 of 3rd period - Kyle Rau is hit by Jason Akeson and loses puck.
13:02 of 3rd period - Sergei Plotnikov is hit by Bryan Bickell and loses puck.
13:17 of 3rd period - Ladislav Nagy is hit by Viktor Loov and loses puck.
14:15 of 3rd period - Icing by Bryan Bickell.
14:16 of 3rd period - Corey Trivino wins face-off versus Blake Pietila in Diablos zone.
14:35 of 3rd period - Penalty to Zachary Sanford is over, Zachary Sanford is back on ice.
15:37 of 3rd period - Backhand shot by Jiri Sekac.
15:37 of 3rd period - Stopped by Matt Hackett with a rebound.
15:39 of 3rd period - Slapshot by Brian Dumoulin.
15:39 of 3rd period - Deflect By Martin Hanzal.
15:39 of 3rd period - Goal by Brian Dumoulin - Blackdemons : 4 - Diablos : 2.
15:40 of 3rd period - Lars Eller wins face-off versus Kyle Rau in neutral zone.
15:43 of 3rd period - Slapshot by Cameron Gaunce.
15:43 of 3rd period - Stopped by Matt Hackett without a rebound.
15:44 of 3rd period - Kyle Rau wins face-off versus Lars Eller in Blackdemons zone.
15:44 of 3rd period - Kyle Rau is hit by Brian Dumoulin.
16:15 of 3rd period - Icing by Bryan Bickell.
16:16 of 3rd period - Corey Trivino wins face-off versus Martin Hanzal in Diablos zone.
16:16 of 3rd period - Corey Trivino is hit by Blake Pietila.
16:43 of 3rd period - Slapshot by Brian Dumoulin.
16:43 of 3rd period - Shot Blocked by Keaton Ellerby.
16:45 of 3rd period - Wrist shot by Jason Akeson.
16:45 of 3rd period - Stopped by Matt Hackett without a rebound.
16:46 of 3rd period - Lars Eller wins face-off versus Kyle Rau in Blackdemons zone.
17:11 of 3rd period - Martin Hanzal is hit by Philip Larsen and loses puck.
19:37 of 3rd period - Martin Hanzal is hit by Brian Dumoulin and loses puck.
19:48 of 3rd period - Alex Petrovic is hit by Scott Timmins.
Goals for this period are 0 for Blackdemons vs 2 for Diablos .
Shots for this period are 6 for Blackdemons vs 15 for Diablos .
Back to the Top